 Dungeon Crawl Stone Soup version 0.23.2-1-ga50397a (webtiles) character file.

Game seed: 9716984480067798898

177 troglodite the Magician (level 5, -3/25 HPs)
             Began as a Spriggan Conjurer on May 28, 2019.
             Killed from afar by Sigmund (9 damage)
             ... with a magic dart
             ... on level 3 of the Dungeon.
             The game lasted 00:11:36 (3554 turns).

troglodite the Magician (Spriggan Conjurer)         Turns: 3554, Time: 00:11:37

Health: -3/25      AC:  2    Str:  4    XL:     5   Next: 31%
Magic:  2/12       EV: 19    Int: 17    God:
Gold:   158        SH:  0    Dex: 17    Spells: 1/12 levels left

rFire    . . .     SeeInvis +   o - +2 dagger (holy)
rCold    . . .     Gourm    .   (shield restricted)
rNeg     . . .     Faith    .   a - +0 robe
rPois    +         Spirit   .   (helmet restricted)
rElec    .         Reflect  .   f - scarf {repulsion}
rCorr    .         Harm     .   (gloves unavailable)
MR       .....                  (boots unavailable)
Stlth    +++.......             (no amulet)
HPRegen  0.08/turn              e - ring of poison resistance
MPRegen  0.13/turn              (no ring)

@: repel missiles, very quick
A: very small, unfitting armour, see invisible, herbivore, speed 3, slow
metabolism 2
a: no special abilities


You were on level 3 of the Dungeon.
You were very hungry.

You visited 1 branch of the dungeon, and saw 4 of its levels.

You collected 158 gold pieces.

Inventory:

Hand Weapons
 h - a +0 dagger
 o - a +2 dagger of holy wrath (weapon)
 x - a cursed -3 hunting sling
Missiles
 k - 66 stones (quivered)
 q - 19 sling bullets
Armour
 a - a +0 robe (worn)
 f - a scarf of repulsion (worn)
Jewellery
 e - a ring of poison resistance (left hand)
Scrolls
 b - 3 scrolls of teleportation {unknown}
 d - 2 scrolls of remove curse {unknown}
 g - a scroll of random uselessness {unknown}
 i - 2 scrolls of fear {unknown}
 l - a scroll of identify {unknown}
 m - 2 scrolls of enchant armour {unknown}
 n - a scroll of noise {unknown}
 u - a scroll of amnesia {unknown}
Potions
 j - 3 potions of mutation {unknown}
 p - a potion of heal wounds {unknown}
 r - 2 potions of degeneration {unknown}
 s - a potion of agility {unknown}
 t - a potion of lignification {unknown}
 v - 2 potions of might {unknown}
 w - a potion of flight {unknown}
Comestibles
 c - 2 rations


   Skills:
 * Level 0.8 Fighting
 * Level 1.3 Short Blades
 + Level 1.2 Throwing
 * Level 3.9 Dodging
 * Level 3.7 Stealth
 * Level 4.1 Spellcasting
 * Level 3.6 Conjurations
 * Level 0.4 Translocations


You had one spell level left.
You knew the following spells:

 Your Spells              Type           Power        Failure   Level  Hunger
a - Magic Dart            Conj           ###.         3%          1    None
b - Searing Ray           Conj           ###...       5%          2    ##.....
c - Iskenderun's Mystic   Conj           ###.....     34%         4    ####...
d - Force Lance           Conj/Tloc      ##......     56%         4    ####...

Your spell library contained the following spells:

 Spells                   Type           Power        Failure   Level  Hunger
 Dazzling Spray           Conj/Hex       #.....       22%         3    ###....
 Fulminant Prism          Conj/Hex       #.........   58%         4    ####...


Dungeon Overview and Level Annotations

Branches:
Dungeon (4/15)
 Temple: D:4-7

Altars:
Cheibriados
Dithmenos
Qazlal
Yredelemnul

Annotations:
D:3 Sigmund


Innate Abilities, Weirdness & Mutations

You are very small and have problems with some larger weapons.
You are too small for most types of armour.
You have supernaturally acute eyesight. (SInv)
You are a herbivore.
You cover ground extremely quickly.
You need to consume almost no food.


Message History

Casting: Magic Dart (safe; 3% risk of failure)
Confirm with . or Enter, or press ? or * to list all spells.
Aiming: Magic Dart (safe; 3% risk of failure)
Press: ? - help, Shift-Dir - straight line, f/p - Sigmund
Aim: Sigmund, wielding a +5 vampiric scythe, wearing a +0 robe and carrying a wand of random effects (14) (heavily wounded, slightly transparent)
The magic dart hits Sigmund.
Sigmund is severely wounded.
Casting: Magic Dart (safe; 3% risk of failure)
Confirm with . or Enter, or press ? or * to list all spells.
Aiming: Magic Dart (safe; 3% risk of failure)
Press: ? - help, Shift-Dir - straight line, f/p - Sigmund
Aim: Sigmund, wielding a +5 vampiric scythe, wearing a +0 robe and carrying a wand of random effects (14) (severely wounded, slightly transparent)
The magic dart hits Sigmund.
Sigmund is severely wounded.
Sigmund casts a spell at you. The puff of flame hits you.
* * * LOW HITPOINT WARNING * * *
Sigmund casts a spell at you. The magic dart hits you!
You die...

################
...?...........#####
...........###.....#
...#@............#.#
....###....#####.#.# ##
#.....#....#####@#.#####...
##.........#.............##
#.#..###....###.#.#.......
#..#.###..#####...#.#..###
##........................
####.#...#####...#.##....
######.#...#####@#........)
.....#.#.#...........#####
## .<.......>......####..#
..


You could see Sigmund (invisible).

Vanquished Creatures
  A hound (D:4)
  9 adders
  2 worms
  A dart slug (D:2)
  4 leopard geckos
  6 bats
  A giant cockroach (D:1)
  5 goblins
  5 hobgoblins
  4 jackals (D:3)
  A quokka (D:2)
  3 frilled lizards
  A giant cockroach zombie (D:2)
  9 kobolds
  6 rats
  A spectral orc (D:2)
59 creatures vanquished.

Notes
Turn   | Place    | Note
-------+----------+-------------------------------------------
     0 | D:1      | troglodite the Spriggan Conjurer began the quest for the
                  | Orb.
     0 | D:1      | Reached XP level 1. HP: 9/9 MP: 5/5
   203 | D:1      | Reached skill level 3 in Spellcasting
   324 | D:1      | Reached XP level 2. HP: 12/13 MP: 7/7
   832 | D:2      | Reached XP level 3. HP: 16/16 MP: 3/8
  1374 | D:2      | Found a basalt altar of Yredelemnul.
  1553 | D:2      | Learned a level 2 spell: Searing Ray
  1570 | D:2      | Found a shadowy altar of Dithmenos.
  1592 | D:2      | Reached XP level 4. HP: 21/21 MP: 2/10
  2104 | D:2      | Reached skill level 1 in Short Blades
  2492 | D:2      | Learned a level 4 spell: Iskenderun's Mystic Blast
  2579 | D:3      | Found a snail-covered altar of Cheibriados.
  2670 | D:3      | Reached skill level 1 in Throwing
  2722 | D:3      | Reached skill level 4 in Spellcasting
  2722 | D:3      | Reached XP level 5. HP: 25/25 MP: 0/12
  2728 | D:3      | Learned a level 4 spell: Force Lance
  2859 | D:3      | Noticed Sigmund
  3410 | D:3      | Found a stormy altar of Qazlal.
  3412 | D:3      | You fall through a shaft!
  3473 | D:4      | Noticed a phantom
  3554 | D:3      | Killed from afar by Sigmund

Skill      XL: |  1  2  3  4 |
---------------+-------------+-----
Conjurations   | 3 |  3.6
Spellcasting   | 3 4 |  4.1
Short Blades   | 1 |  1.3
Throwing       | 1 |  1.2
Fighting       | |  0.8
Dodging        | |  3.9
Stealth        | |  3.7
Translocations | |  0.4

Action                   |  1- 3 |  4- 6 || total
-------------------------+-------+-------++-------
Melee: Unarmed           |    29 |       ||    29
       Dagger            |    96 |    72 ||   168
 Cast: Magic Dart        |    62 |    63 ||   125
       Searing Ray       |       |     6 ||     6
       Iskenderun's Myst |       |     1 ||     1
 Stab: Sleeping          |     1 |     3 ||     4
Armor: Robe              |    21 |     8 ||    29
Dodge: Dodged            |   153 |    83 ||   236
       Deflected         |       |     3 ||     3
